 Dungeon Crawl Stone Soup version 0.26-a0-652-gafc20e3620 (webtiles) character file.

Game seed: 18296736667112820183

38 DoubleLucky the Caller (level 3, -2/20 HPs)
             Began as a Tengu Summoner on Oct 3, 2020.
             Slain by a hobgoblin (4 damage)
             ... led by Robin
             ... on level 2 of the Dungeon.
             The game lasted 00:03:44 (1376 turns).

DoubleLucky the Caller (Tengu Summoner)             Turns: 1376, Time: 00:03:44

Health: -2/20      AC:  2    Str:  8    XL:     3   Next: 43%
Magic:  3/7        EV: 13    Int: 16    God:
Gold:   66         SH:  0    Dex: 14    Spells: 5/6 levels left

rFire    . . .     SeeInvis .   c - +0 dagger
rCold    . . .     Faith    .   (no shield)
rNeg     . . .     Spirit   .   a - +0 robe
rPois    .         Reflect  .   (helmet restricted)
rElec    .         Harm     .   (no cloak)
rCorr    .         Rampage  .   (no gloves)
MR       .....                  (boots unavailable)
Stlth    ++........             (no amulet)
HPRegen  0.06/turn              (no ring)
MPRegen  0.10/turn              (no ring)

@: no status effects
A: beak, talons 3
a: no special abilities


You were on level 2 of the Dungeon.
You visited 1 branch of the dungeon, and saw 2 of its levels.

You collected 66 gold pieces.

Inventory:

Hand Weapons
 c - a +0 dagger (weapon)
Armour
 a - a +0 robe (worn)
 f - a +0 leather armour
Jewellery
 e - a cursed ring of attention {unknown}
Potions
 b - 3 potions of curing {unknown}
 d - a potion of heal wounds {unknown}


   Skills:
 + Level 0.9 Fighting
 + Level 2.7 Dodging
 - Level 2.3 Stealth
 + Level 2.4 Spellcasting
 + Level 5.1 Summonings


You had 5 spell levels left.
You knew the following spells:

 Your Spells              Type           Power        Failure   Level
a - Summon Small Mammal   Summ           ###.         2%          1

Your spell library contained the following spells:

 Spells                   Type           Power        Failure   Level
 Call Imp                 Summ           ###.....     3%          2
 Call Canine Familiar     Summ           ###.....     7%          3
 Summon Guardian Golem    Hex/Summ       ##......     21%         3
 Summon Ice Beast         Ice/Summ       ##......     56%         4
 Summon Lightning Spire   Summ/Air       ##......     56%         4


Dungeon Overview and Level Annotations

Branches:
Dungeon (2/15)

Altars:


Innate Abilities, Weirdness & Mutations

You have a beak for a mouth.
You have claws for feet.


Message History

Your quokka bites the hobgoblin.
You hit the goblin but do no damage. The hobgoblin hits you with a +0 club.
Your quokka bites the hobgoblin but does no damage.
The hobgoblin hits you with a +0 club.
* * * LOW HITPOINT WARNING * * *
Your quokka barely misses the hobgoblin.
The goblin unwields a +0 hunting sling.
The goblin barely misses you.
You hit the goblin. You claw the goblin.
You kill the goblin!
Your quokka bites the hobgoblin.
The hobgoblin misses your quokka. The hobgoblin hits you with a +0 club.
* * * LOW HITPOINT WARNING * * *
Your quokka barely misses the hobgoblin. x2
You hit the goblin.
The goblin is moderately wounded.
Your quokka closely misses the hobgoblin.
The hobgoblin barely misses your quokka.
The hobgoblin misses you. The goblin closely misses you.
The hobgoblin hits you.
You die...

####### .... #.....+
....g ♣♣♣
#....##.g.g.g ♣.♣
#....'.gg.g.. ♣.♣
#....#...g... ♣.♣
#.g..#.#####. ♣.♣
####'##.# ##
#'###..g.##.######..#
#..###.(gg#.#g@gr.#
##.# #.......#ggr.#
####'###.......'.##.#
............†....##.#
...........(...##...#
......†........##..##
............##.....#
............####...###
####+###....####.....#


You could see 3 hobgoblins, a goblin and 2 friendly quokkas.

Vanquished Creatures
  An adder (D:2)
  A leopard gecko (D:1)
  3 goblins
  4 hobgoblins (D:1)
  A jackal (D:2)
  4 bats (D:1)
  2 frilled lizards (D:1)
  A kobold (D:1)
  A rat (D:1)
18 creatures vanquished.

Vanquished Creatures (collateral kills)
  A ball python (D:1)
  3 bats (D:1)
  A giant cockroach (D:1)
  5 goblins
  2 hobgoblins
  A jackal (D:2)
  A frilled lizard (D:1)
  A rat (D:1)
15 creatures vanquished.

Grand Total: 33 creatures vanquished

Notes
Turn   | Place    | Note
-------+----------+-------------------------------------------
     0 | D:1      | DoubleLucky the Tengu Summoner began the quest for the Orb.
     0 | D:1      | Reached XP level 1. HP: 10/10 MP: 4/4
   337 | D:1      | Reached XP level 2. HP: 15/15 MP: 0/6
   458 | D:1      | Reached skill level 5 in Summonings
  1260 | D:2      | Reached XP level 3. HP: 20/20 MP: 7/7
  1376 | D:2      | Slain by a hobgoblin

Illustrated notes

Levels and vault maps discovered:
D:1:      eino_arrival_druids_welcome, layout_basic
D:2:      layout_basic, fiery_altar_vehumet,
          chequers_ecumenical_altar_simple_redux, kennysheep_flooded_box,
          minmay_tetromino_o2, uniq_robin

Skill      XL: |  1  2 |
---------------+-------+-----
Summonings     | 5 |  5.1
Fighting       | |  0.9
Dodging        | |  2.7
Stealth        | |  2.3
Spellcasting   | |  2.4

Action                   || total
-------------------------++-------
Melee: Unarmed           ||     8
       Peck              ||     6
       Kick              ||    10
       Dagger            ||    35
 Cast: Summon Small Mamm ||    46
 Stab: Sleeping          ||     2
Armor: Robe              ||    22
Dodge: Dodged            ||    70

Table legend: (Time is in decaauts)
 A = Elapsed time spent in this place.
 B = Non-inter-level travel time spent in this place.
 C = Inter-level travel time spent in this place.
 D = Time resting spent in this place.
 E = Time spent auto-exploring this place.
 F = Levels seen in this place.
 G = Mean time per level.
                   A        B        C        D        E       F      G
               +--------+--------+--------+--------+--------+-----+--------+
         Total |   1375 |   1328 |     47 |      0 |   1053 |   2 |  687.5 |
       Dungeon |   1375 |   1328 |     47 |      0 |   1053 |   2 |  687.5 |
               +--------+--------+--------+--------+--------+-----+--------+

Top non-repeatable levels by time:
     D:1: 1256 daAuts
     D:2: 118 daAuts
